 Dungeon Crawl Stone Soup version 0.27-a0-1595-g0b823d0a13 (webtiles) character file.

Game seed: 15305600607034166292

199 Brandom the Skirmisher (level 5, 0/48 HPs)
             Began as a Draconian Abyssal Knight on July 20, 2021.
             Was a Follower of Lugonu.
             Slain by a black bear (4 damage)
             ... on level 3 of the Dungeon.
             The game lasted 00:06:30 (3480 turns).

Brandom the Skirmisher (Draconian Abyssal Knight)   Turns: 3480, Time: 00:06:31

Health: 0/48       AC:  7    Str: 14    XL:     5   Next: 48%
Magic:  7/7        EV: 12    Int: 13    God:    Lugonu [*.....]
Gold:   173        SH:  0    Dex: 11    Spells: 4/4 levels left

rFire    . . .     SeeInvis .   o - +1 whip (flame)
rCold    . . .     Faith    .   (no shield)
rNeg     . . .     Spirit   .   (armour unavailable)
rPois    .         Reflect  .   (helmet restricted)
rElec    .         Harm     .   e - +0 cloak
rCorr    .         Rampage  .   (no gloves)
Will     .....                  l - +0 pair of boots
Stlth    +.........             (no amulet)
HPRegen  0.16/turn              (no ring)
MPRegen  0.10/turn              (no ring)

@: no status effects
A: AC +5, unfitting armour, cold-blooded
a: Renounce Religion, Depart the Abyss


You were on level 3 of the Dungeon.
You worshipped Lugonu.
Lugonu was aware of your devotion.
You visited 1 branch of the dungeon, and saw 4 of its levels.
You visited the Abyss 1 time.

You collected 173 gold pieces.

Inventory:

Hand Weapons
 a - a +1 falchion
 o - a +1 whip of flaming (weapon)
   (You found it on level 1 of the Dungeon)
Missiles
 c - 5 datura-tipped darts
 q - 8 curare-tipped darts {!f}
Armour
 e - a +0 cloak (worn)
   (You found it on level 1 of the Dungeon)
 l - a +0 pair of boots (worn)
   (You found it on level 3 of the Dungeon)
Jewellery
 m - a ring of magical power
   (You found it on level 3 of the Dungeon)
Wands
 d - a wand of iceblast (9)
   (You found it on level 3 of the Dungeon)
Scrolls
 g - a scroll of vulnerability {unknown}
 k - 2 scrolls of teleportation {unknown}
 p - a scroll of noise {unknown}
Potions
 b - 3 potions of curing {@q1}
 f - 3 potions of haste {@q3}
 h - a potion of attraction {!q}
 i - a potion of brilliance {unknown}
 j - 2 potions of lignification {!q}
 n - a potion of might


   Skills:
 * Level 5.3 Fighting
 - Level 2.1 Long Blades
 + Level 3.2 Dodging
 + Level 3.4 Invocations


You had 4 spell levels left.
You didn't know any spells.
Your spell library was empty.

Dungeon Overview and Level Annotations

Branches:
Dungeon (4/15)             Temple (0/1) D:4

Altars:
Ashenzari


Innate Abilities, Weirdness & Mutations

Your plain brown scales are hard. (AC +5)
You cannot fit into any form of body armour.
You are cold-blooded and may be slowed by cold attacks.


Message History

The black bear claws you but does no damage. x2
The gnoll barely misses you. The iguana closely misses you.
The black bear bites you but does no damage.
The black bear closely misses you.
The black bear claws you but does no damage.
You barely miss the black bear.
The gnoll hits you from afar with a +0 spear.
* * * LOW HITPOINT WARNING * * *
The iguana misses you. The black bear misses you. x2
The black bear claws you but does no damage.
Found a staircase to the Ecumenical Temple.
A scorpion comes into view.
There is an escape hatch in the floor here.
There is a stone staircase leading up here.
You completely miss the iguana.
You tail-slap the iguana, but do no damage.
The iguana closely misses you. The iguana barely misses you.
You climb upwards.
There is a stone staircase leading down here.
You hit the iguana but do no damage.
The black bear bites you but does no damage.
The black bear completely misses you.
The black bear claws you but does no damage.
The iguana bites you!
* * * LOW HITPOINT WARNING * * *
The black bear barely misses you. x2
The black bear claws you but does no damage.
You hit the iguana but do no damage.
The iguana bites you but does no damage.
The black bear bites you but does no damage.
The black bear barely misses you.
The black bear claws you but does no damage.
Unknown command.
You hit the iguana. You burn the iguana. You tail-slap the iguana.
The iguana closely misses you. The black bear bites you.
* * * LOW HITPOINT WARNING * * *
The black bear claws you but does no damage.
The black bear misses you.
You hit the iguana. You burn the iguana. The iguana bites you!
* * * LOW HITPOINT WARNING * * *
The black bear barely misses you.
The black bear claws you but does no damage.
The black bear claws you.
* * * LOW HITPOINT WARNING * * *
You hit the iguana. You burn the iguana.
You kill the iguana!
Lugonu accepts your kill.
The black bear barely misses you. x2; The black bear claws you.
You die...

##......................## #....
#..#...#..###.##.##...#######.##
#..#.#.#..###.##.<..............
#..#.#........#####...#######.##
#...............####.## #.#
##.##.###..#####......# #.#
...........# #.###### #.#
####..###### #h# #.# #..# #@#
#.# #..# #####.# #.# #..#
#.....# ##.## #..# #.###.#
##...# #..######.# #.# ##.#.#.
#.........# #.# ##.##.##
#.######### #.# #.###..# #.##
#.# ##.###.# #..##########.#
##.##..


You could see a black bear.

Vanquished Creatures
  2 hounds (D:4)
  Terence (D:2)
  An iguana (D:3)
  A hound skeleton (D:4)
  4 adders
  An orc (D:3)
  6 ball pythons
  4 bats
  4 endoplasms
  2 giant cockroaches
  5 goblins
  10 hobgoblins
  6 jackals (D:1)
  5 kobolds
  4 quokkas
  2 frilled lizards (D:1)
  5 rats
  A toadstool (D:1)
64 creatures vanquished.

Vanquished Creatures (others)
  A fungus (D:1)
  4 toadstools (D:1)
5 creatures vanquished.

Grand Total: 69 creatures vanquished

Notes
Turn   | Place    | Note
-------+----------+-------------------------------------------
     0 | Abyss:1  | Brandom the Draconian Abyssal Knight began the quest for
                  | the Orb.
     0 | Abyss:1  | Reached XP level 1. HP: 19/19 MP: 2/2
    47 | Abyss:1  | Noticed a large abomination
    73 | Abyss:1  | Noticed an efreet
    75 | D:1      | Escaped the Abyss
   442 | D:1      | Reached XP level 2. HP: 26/26 MP: 3/3
  1032 | D:1      | You fall into a shaft and drop 1 floor!
  1050 | D:2      | Reached skill level 4 in Fighting
  1050 | D:2      | Reached XP level 3. HP: 32/33 MP: 4/4
  1053 | D:2      | Reached * piety under Lugonu
  1652 | D:2      | Noticed Terence
  1786 | D:2      | Killed Terence
  1787 | D:2      | Reached XP level 4. HP: 9/41 MP: 6/6
  2464 | D:3      | Found a broken altar of Ashenzari.
  3245 | D:4      | Reached skill level 5 in Fighting
  3245 | D:4      | Reached XP level 5. HP: 44/48 MP: 7/7
  3428 | D:4      | Noticed a black bear
  3459 | D:4      | Found a staircase to the Ecumenical Temple.
  3480 | D:3      | Slain by a black bear

Illustrated notes

Levels and vault maps discovered:
D:1:      minmay_arrival_plants_in_alcoves, layout_loops_corners,
          minmay_gold_behind_fungi, item_on_display_a
D:2:      layout_rooms, uniq_terence
D:3:      layout_loops_ring, cheibrodos_ashenzari_chains,
          hangedman_decor_clover_reticule
D:4:      layout_cave_pools, minmay_temple_entry_trees

Skill      XL: |  1  2  3  4 |
---------------+-------------+-----
Fighting       | 4 5 |  5.3
Invocations    | 3 |  3.4
Dodging        | 3 |  3.2
Long Blades    | |  2.1

Action                   |  1- 3 |  4- 6 || total
-------------------------+-------+-------++-------
Melee: Falchion          |    16 |       ||    16
       Whip              |   130 |   121 ||   251
       Tailslap          |     8 |    11 ||    19
Invok: Depart the Abyss  |     1 |       ||     1
  Use: Scroll            |       |     4 ||     4
 Stab: Sleeping          |     1 |       ||     1
Armor: Skin              |    50 |    80 ||   130
Dodge: Dodged            |   113 |   127 ||   240
       Rpst.: Falchion   |     1 |       ||     1

Table legend: (Time is in decaauts)
 A = Elapsed time spent in this place.
 B = Non-inter-level travel time spent in this place.
 C = Inter-level travel time spent in this place.
 D = Time resting spent in this place.
 E = Time spent auto-exploring this place.
 F = Levels seen in this place.
 G = Mean time per level.
                   A        B        C        D        E       F      G
               +--------+--------+--------+--------+--------+-----+--------+
         Total |   3508 |   3405 |    103 |    171 |   2526 |   5 |  701.6 |
       Dungeon |   3433 |   3330 |    103 |    171 |   2479 |   4 |  858.2 |
         Abyss |     75 |     75 |      0 |      0 |     47 |   1 |   75.0 |
               +--------+--------+--------+--------+--------+-----+--------+

Top non-repeatable levels by time:
     D:1: 1273 daAuts
     D:3: 1041 daAuts
     D:2: 867 daAuts
     D:4: 249 daAuts
 Abyss:1: 75 daAuts
